 Dungeon Crawl Stone Soup version 0.27-a0-550-ge92ec0ca06 (webtiles) character file.

Game seed: 14158386642061600608

5330 pokeman the Thaumaturge (level 10, -8/54 HPs)
             Began as a Deep Elf Hedge Wizard on Mar 5, 2021.
             Was an Elder of Vehumet.
             Mangled by an orc warrior
             ... wielding a +0 hand axe
              (15 damage)
             ... on level 8 of the Dungeon on Mar 7, 2021.
             The game lasted 00:30:02 (8085 turns).

pokeman the Thaumaturge (Deep Elf Hedge Wizard)     Turns: 8085, Time: 00:30:03

Health: -8/54      AC:  8    Str: 13    XL:     10   Next: 38%
Magic:  26/29      EV: 12    Int: 23    God:    Vehumet [****..]
Gold:   601        SH:  0    Dex: 14    Spells: 23/35 levels left

rFire    + . .     SeeInvis .   s - +3 spear (flame)
rCold    x . .     Faith    .   (no shield)
rNeg     . . .     Spirit   .   a - +0 leather armour
rPois    .         Reflect  .   t - +2 helmet of Intercession {Slay+2}
rElec    .         Harm     .   G - +0 cloak
rCorr    .         Rampage  .   p - +0 pair of gloves
Will     +....                  (no boots)
Stlth    ++........             z - amulet of magic regeneration
HPRegen  0.18/turn              n - ring of fire
MPRegen  0.46/turn              y - +6 ring of strength

@: no status effects
A: no striking features
a: Renounce Religion


You were on level 8 of the Dungeon.
You worshipped Vehumet.
Vehumet was greatly pleased with you.
You visited 1 branch of the dungeon, and saw 8 of its levels.

You collected 601 gold pieces.

Inventory:

Hand Weapons
 b - a +0 arbalest of flaming
 s - a +3 spear of flaming (weapon)
Missiles
 d - 102 bolts
Armour
 a - a +0 leather armour (worn)
 p - a +0 pair of gloves (worn)
 t - the +2 helmet of Intercession (worn) {Slay+2}
   (You took it off Robin on level 3 of the Dungeon)

   It affects your accuracy and damage with ranged weapons and melee attacks
   (+2).
 v - a +2 kite shield of fire resistance
 G - a +0 cloak (worn)
 J - a +0 buckler
Jewellery
 n - a ring of fire (left hand)
 o - an amulet of regeneration
 y - a +6 ring of strength (right hand)
 z - an amulet of magic regeneration (around neck)
 L - a ring of willpower
Wands
 c - a wand of mindburst (11)
 x - a wand of flame (40)
 E - a wand of polymorph (8)
 F - a wand of paralysis (15)
Scrolls
 g - 3 scrolls of immolation {unknown}
 h - 2 scrolls of magic mapping {unknown}
 j - 15 scrolls of identify {unknown}
 k - 2 scrolls of noise {unknown}
 l - 2 scrolls of amnesia {unknown}
 m - 3 scrolls of enchant weapon {unknown}
 q - 2 scrolls of blinking {unknown}
 u - 2 scrolls of teleportation {unknown}
 A - a scroll of torment {unknown}
 B - a scroll of fog {unknown}
Potions
 e - 3 potions of attraction {unknown}
 f - 4 potions of curing
 i - 2 potions of haste {unknown}
 r - 2 potions of brilliance {unknown}
 w - 2 potions of resistance {unknown}
 C - a potion of magic {unknown}
 D - a potion of mutation {unknown}
 H - a potion of cancellation {unknown}
 I - a potion of degeneration {unknown}
 K - 2 potions of lignification {unknown}
 M - 2 potions of might {unknown}


   Skills:
 + Level 2.7 Fighting
 - Level 3.0 Armour
 - Level 3.2 Dodging
 - Level 3.0 Stealth
 - Level 3.0 Shields
 * Level 13.0 Spellcasting
 + Level 7.5 Conjurations
 - Level 1.1 Summonings
 - Level 1.1 Translocations
 + Level 6.9 Fire Magic
 - Level 1.1 Air Magic
 - Level 1.0 Poison Magic
 - Level 1.0 Evocations


You had 23 spell levels left.
You knew the following spells:

 Your Spells              Type           Power      Damage    Failure   Level
a - Magic Dart            Conj           100%       1d8       1%          1
b - Mephitic Cloud        Conj/Pois/Air  29%        N/A       1%          3
c - Call Imp              Summ           20%        N/A       4%          2
d - Blink                 Tloc           N/A        N/A       4%          2
e - Conjure Flame         Conj/Fire      64%        6-21      1%          3
f - Foxfire               Conj/Fire      100%       2x1d9     1%          1

Your spell library contained the following spells:

 Spells                   Type           Power      Damage    Failure   Level
 Airstrike                Air            10%        N/A       9%          4
 Slow                     Hex            15%        N/A       8%          2


Dungeon Overview and Level Annotations

Branches:
Dungeon (8/15)             Temple (0/1) D:4
   Lair: D:8-11

Altars:
Makhleb
Ru
Sif Muna
Uskayaw
Vehumet
Xom


Message History

The orc warrior is almost dead.
The orc warrior is engulfed in noxious fumes.
The orc warrior appears confused.
The orc is engulfed in blazing flames.
You kill the orc!
Vehumet accepts your kill.
You feel your power returning.
Unknown command.
Casting: Mephitic Cloud (safe; 1% risk of failure)
Confirm with . or Enter, or press ? or * to list all spells.
Aiming: Magic Dart (safe; 1% risk of failure)
Press: ? - help, Shift-Dir - straight line, f/p - orc warrior
Aim: an orc warrior, wielding a +0 hand axe and wearing a +0 chain mail (almost dead, confused, 0% to evade)
The magic dart hits the orc warrior but does no damage.
The orc warrior is almost dead.
Casting: Magic Dart (safe; 1% risk of failure)
Confirm with . or Enter, or press ? or * to list all spells.
Aiming: Magic Dart (safe; 1% risk of failure)
Press: ? - help, Shift-Dir - straight line, f/p - orc warrior
Aim: an orc warrior, wielding a +0 hand axe and wearing a +0 chain mail (almost dead, confused, 0% to evade)
The magic dart hits the orc warrior but does no damage.
The orc warrior is almost dead.
Casting: Magic Dart (safe; 1% risk of failure)
Confirm with . or Enter, or press ? or * to list all spells.
Aiming: Magic Dart (safe; 1% risk of failure)
Press: ? - help, Shift-Dir - straight line, f/p - orc warrior
Aim: an orc warrior, wielding a +0 hand axe and wearing a +0 chain mail (almost dead, confused, 0% to evade)
The magic dart hits the orc warrior.
The orc warrior is almost dead.
Casting: Magic Dart (safe; 1% risk of failure)
Confirm with . or Enter, or press ? or * to list all spells.
Aiming: Magic Dart (safe; 1% risk of failure)
Press: ? - help, Shift-Dir - straight line, f/p - orc warrior
Aim: an orc warrior, wielding a +0 hand axe and wearing a +0 chain mail (almost dead, confused, 0% to evade)
The magic dart hits the orc warrior but does no damage.
The orc warrior is almost dead.
Casting: Magic Dart (safe; 1% risk of failure)
Confirm with . or Enter, or press ? or * to list all spells.
A beastly little devil appears in a puff of flame.
The orc warrior hits you with a +0 hand axe!
You die...

#####################
###...................#
...................####
.##.............####
.##..#######.....#
.##..#######...#.#
.##............#.#
.....#.####....#@#
(##.##.####....#o#
....##........##5#
....##.####...##.#######
.#.###.####......[......
.#.# #.......###.######.
##.###..###..###°###
##......# #.....o..# #
........#
#...##.).####>#


You could see an orc warrior (confused, ally target), an orc and a friendly
crimson imp (summoned).

Vanquished Creatures
  Harold (D:8)
  A two-headed ogre (D:8)
  Pikel (D:8)
  Maurice (D:8)
  Joseph (D:7)
  Prince Ribbit (D:8)
  Sigmund (D:2)
  An ice beast (D:6)
  2 black bears
  A sky beast (D:5)
  5 ogres
  3 lemures (D:5)
  A centaur (D:7)
  A phantom (D:8)
  3 bullfrogs
  5 killer bees (D:8)
  4 scorpions
  A howler monkey (D:4)
  A bullfrog zombie (D:6)
  2 hounds
  6 orc priests
  A centaur skeleton (D:8)
  A bullfrog skeleton (D:5)
  7 orc wizards
  An iguana (D:4)
  5 worker ants
  A hound zombie (D:8)
  A hound skeleton (D:8)
  A worker ant zombie (D:8)
  Robin (D:3)
  10 adders
  21 gnolls
  3 white imps
  3 ufetubi
  2 oozes
  An adder skeleton (D:4)
  5 worms
  2 dart slugs
  4 leopard geckos
  46 orcs
  2 giant cockroaches
  13 goblins
  12 hobgoblins
  6 jackals
  6 kobolds
  2 quokkas
  6 bats
  3 frilled lizards
  A jackal zombie (D:5)
  A leopard gecko zombie (D:8)
  A quokka skeleton (D:8)
  8 rats
220 creatures vanquished.

Vanquished Creatures (collateral kills)
  A killer bee (D:8)
1 creature vanquished.

Vanquished Creatures (others)
  327 foxfires
327 creatures vanquished.

Grand Total: 548 creatures vanquished

Notes
Turn   | Place    | Note
-------+----------+-------------------------------------------
     0 | D:1      | pokeman the Deep Elf Hedge Wizard began the quest for the
                  | Orb.
     0 | D:1      | Reached XP level 1. HP: 10/10 MP: 7/7
   347 | D:1      | Reached XP level 2. HP: 15/15 MP: 4/9
   836 | D:1      | Reached skill level 5 in Spellcasting
  1111 | D:2      | Reached XP level 3. HP: 20/20 MP: 9/11
  1115 | D:2      | Learned a level 3 spell: Mephitic Cloud
  1118 | D:2      | Learned a level 2 spell: Call Imp
  1121 | D:2      | Learned a level 2 spell: Blink
  1125 | D:2      | Learned a level 3 spell: Conjure Flame
  1125 | D:2      | Upgraded the game from 0.27-a0-531-gb72ec1a1b6 to
                  | 0.27-a0-538-g15ff5c5295
  1511 | D:2      | Reached skill level 1 in Armour
  1675 | D:2      | Reached skill level 1 in Fighting
  1807 | D:2      | Noticed Sigmund
  1819 | D:2      | Killed Sigmund
  1820 | D:2      | Reached skill level 6 in Spellcasting
  1820 | D:2      | Reached skill level 1 in Fire Magic
  1820 | D:2      | Reached XP level 4. HP: 25/25 MP: 7/14
  1820 | D:2      | Reached XP level 5. HP: 29/29 MP: 7/15
  2535 | D:3      | Found a radiant altar of Vehumet.
  2550 | D:3      | You fall into a shaft and drop 1 floor!
  2550 | D:4      | Found a hide-covered altar of Uskayaw.
  2551 | D:4      | Noticed a +0 dagger
  2551 | D:4      | Noticed a +0 hand axe
  2637 | D:4      | Reached XP level 6. HP: 27/34 MP: 8/17
  2641 | D:4      | Reached skill level 1 in Air Magic
  2664 | D:4      | Reached skill level 7 in Spellcasting
  2792 | D:4      | Reached skill level 1 in Poison Magic
  2975 | D:4      | Found a staircase to the Ecumenical Temple.
  3081 | D:3      | Became a worshipper of Vehumet
  3288 | D:3      | Reached XP level 7. HP: 38/38 MP: 17/20
  3435 | D:3      | Reached * piety under Vehumet
  3435 | D:3      | Offered knowledge of Sandblast by Vehumet.
  3569 | D:3      | Identified the +2 helmet of Intercession {Slay+2}
  3569 | D:3      | Noticed Robin
  3591 | D:3      | Killed Robin
  3702 | D:3      | Reached skill level 8 in Spellcasting
  4206 | D:4      | Reached ** piety under Vehumet
  4212 | D:4      | Offered knowledge of Foxfire by Vehumet.
  4215 | D:4      | Learned a level 1 spell: Foxfire
  4215 | D:4      | Upgraded the game from 0.27-a0-538-g15ff5c5295 to
                  | 0.27-a0-550-ge92ec0ca06
  4297 | D:4      | Found a shimmering blue altar of Sif Muna.
  4572 | D:4      | Found a burning altar of Makhleb.
  4637 | D:4      | Found a burning altar of Makhleb.
  4644 | D:4      | Reached skill level 1 in Evocations
  4747 | D:5      | Entered Level 5 of the Dungeon
  4832 | D:5      | Reached XP level 8. HP: 44/44 MP: 17/22
  4835 | D:5      | Reached skill level 9 in Spellcasting
  4890 | D:5      | Noticed Prince Ribbit
  4893 | D:5      | Noticed Pikel
  5133 | D:5      | Found a shimmering altar of Xom.
  5215 | D:5      | Found a sacrificial altar of Ru.
  5699 | D:6      | Reached skill level 5 in Conjurations
  5782 | D:6      | Reached skill level 10 in Spellcasting
  5783 | D:6      | Offered knowledge of Ignite Poison by Vehumet.
  6496 | D:7      | Noticed Joseph
  6513 | D:7      | Killed Joseph
  6514 | D:7      | Reached XP level 9. HP: 26/48 MP: 11/25
  6702 | D:7      | Reached *** piety under Vehumet
  6841 | D:7      | Reached skill level 1 in Shields
  6841 | D:7      | Reached skill level 5 in Fire Magic
  7024 | D:8      | Killed Pikel
  7025 | D:8      | Reached skill level 11 in Spellcasting
  7030 | D:8      | Killed Prince Ribbit
  7093 | D:8      | Noticed Maurice
  7123 | D:8      | Killed Maurice
  7167 | D:8      | Reached skill level 12 in Spellcasting
  7207 | D:8      | Noticed a two-headed ogre
  7214 | D:8      | Offered knowledge of Airstrike by Vehumet.
  7238 | D:8      | Killed a two-headed ogre
  7239 | D:8      | Reached XP level 10. HP: 53/53 MP: 17/28
  7513 | D:8      | Noticed Harold
  7553 | D:8      | Killed Harold
  7689 | D:8      | Reached skill level 13 in Spellcasting
  7693 | D:8      | Reached **** piety under Vehumet
  8085 | D:8      | Mangled by an orc warrior

Illustrated notes

Levels and vault maps discovered:
D:1:      mainiacjoe_arrival_reflecting_pool, layout_basic
D:2:      layout_loops_cross, uniq_sigmund
D:3:      layout_rooms, vehumet_crystals, minmay_misc_feat_room, uniq_robin
D:4:      layout_loops_ring, dancing_weapons_uskayaw, general_overflow_altar,
          lemuel_doored_altar, temple_statues, makhleb_blood_cavern_becter
D:5:      layout_basic, lemuel_crystal_altar, basic_altar, minmay_holes,
          uniq_pikel, uniq_prince_ribbit1
D:6:      hangedman_cross_stitches, layout_cave_pools
D:7:      layout_loops_ring, uniq_joseph
D:8:      layout_basic, uniq_harold, uniq_maurice

Skill      XL: |  1  2  3  4  5  6  7  8  9 10 |
---------------+-------------------------------+-----
Spellcasting   | 5 6 7 8 10 12 13 | 13.0
Armour         | 1 3 |  3.0
Fighting       | 1 2 |  2.7
Dodging        | 3 |  3.2
Conjurations   | 2 3 4 5 7 |  7.5
Fire Magic     | 1 2 3 4 6 |  6.9
Stealth        | 3 |  3.0
Air Magic      | 1 |  1.1
Poison Magic   | 1 |  1.0
Evocations     | 1 |  1.0
Shields        | 3 |  3.0
Summonings     | |  1.1
Translocations | |  1.1

Action                   |  1- 3 |  4- 6 |  7- 9 | 10-12 || total
-------------------------+-------+-------+-------+-------++-------
Melee: Dagger            |    10 |       |       |       ||    10
       Scythe            |       |    28 |    17 |       ||    45
       Spear             |       |       |    72 |    19 ||    91
 Fire: Arbalest          |       |       |     4 |       ||     4
 Cast: Magic Dart        |    79 |    98 |   107 |     9 ||   293
       Mephitic Cloud    |     1 |     8 |    27 |     6 ||    42
       Conjure Flame     |     1 |     1 |    13 |     5 ||    20
       Foxfire           |       |       |   136 |    56 ||   192
       Call Imp          |       |       |     3 |     1 ||     4
 Stab: Confused          |     2 |     3 |     8 |     1 ||    14
Armor: Robe              |     1 |     1 |       |       ||     2
       Leather armour    |       |       |    14 |     4 ||    18
Dodge: Dodged            |    10 |    37 |    64 |    11 ||   122

Table legend: (Time is in decaauts)
 A = Elapsed time spent in this place.
 B = Non-inter-level travel time spent in this place.
 C = Inter-level travel time spent in this place.
 D = Time resting spent in this place.
 E = Time spent auto-exploring this place.
 F = Levels seen in this place.
 G = Mean time per level.
                   A        B        C        D        E       F      G
               +--------+--------+--------+--------+--------+-----+--------+
         Total |   8141 |   7899 |    242 |    434 |   5972 |   8 | 1017.6 |
       Dungeon |   8141 |   7899 |    242 |    434 |   5972 |   8 | 1017.6 |
               +--------+--------+--------+--------+--------+-----+--------+

Top non-repeatable levels by time:
     D:3: 1368 daAuts
     D:2: 1253 daAuts
     D:4: 1143 daAuts
     D:8: 1080 daAuts
     D:1: 1029 daAuts
     D:7: 834 daAuts
     D:5: 817 daAuts
     D:6: 614 daAuts
